 Dungeon Crawl Stone Soup version 0.31-a0-1338-gb567cfdca4 (webtiles) character file.

Game seed: 11772732815165747382

700 jasper the Trooper (level 7, -7/61 HPs)
             Began as a Human Gladiator on Dec 22, 2023.
             Engulfed by a cloud of steam (10 damage)
             ... on level 7 of the Dungeon.
             The game lasted 00:06:34 (2925 turns).

jasper the Trooper (Human Gladiator)                Turns: 2925, Time: 00:06:35

Health: -7/61      AC: 11    Str: 14 (16) XL:     7   Next: 65%
Magic:  7/7        EV: 11    Int:  8      God:
Gold:   39         SH:  0    Dex: 14 (15) Spells: 6/6 levels left

rFire   . . .        a - +1 quarterstaff
rCold   . . .        (shield currently unavailable)
rNeg    . . .        j - +0 ring mail
rPois   .            c - +0 helmet
rElec   .            n - +0 cloak
rCorr   .            (no gloves)
SInv    .            (no boots)
Will    .....        (no amulet)
Stlth   +            o - +4 ring of protection
HPRegen 0.30/turn    (no ring)
MPRegen 0.10/turn

%: no passive effects
@: mighty
A: explore regen
a: no special abilities


You were on level 7 of the Dungeon.
You visited 1 branch of the dungeon, and saw 7 of its levels.

You collected 39 gold pieces.

Inventory:

Hand Weapons
 a - a +1 quarterstaff (weapon)
 e - a +0 whip of electrocution
Missiles
 f - 29 stones (quivered)
 k - 4 atropa-tipped darts
Armour
 b - a +0 leather armour
 c - a +0 helmet (worn)
 j - a +0 ring mail (worn)
 n - a +0 cloak (worn)
 q - a +0 plate armour
Jewellery
 o - a +4 ring of protection (left hand)
Scrolls
 d - a scroll of enchant weapon
Potions
 g - a potion of curing


   Skills:
 + Level 7.9 Fighting
 + Level 4.0 Staves
 - Level 2.0 Throwing
 - Level 3.0 Dodging


You had 6 spell levels left.
You didn't know any spells.
Your spell library was empty.

Dungeon Overview and Level Annotations

Branches:
Dungeon (7/15)
 Temple: D:4-7

Altars:
Kikubaaqudgha

Shops:
D:4 (


Innate Abilities, Weirdness & Mutations

You regain HP and MP as you explore.


Message History

The jelly is almost dead.
A kobold comes into view. It is wielding a +0 club.
The jelly hits you but does no damage.
A kobold comes into view. It is wielding a +0 dagger.
You take 4 damage, and have 19/60 hp.
You barely miss the jelly.
The jelly is almost dead.
The kobold shouts!
The jelly hits you but does no damage.
A kobold comes into view.
It is wielding a +2 short sword of protection.
The jelly hits you but does no damage.
You sock the jelly!
You kill the jelly!
A kobold comes into view. It is wielding a +0 whip.
You sock the steam dragon!
The steam dragon is moderately wounded.
The steam dragon closely misses you. The steam dragon barely misses you.
You sock the steam dragon!
The steam dragon is almost dead.
The steam dragon breathes steam at you. The ball of steam misses you.
You sock the steam dragon!
You kill the steam dragon!
The steam dragon scales are intact enough to wear.
You are engulfed in a cloud of scalding steam.
* * * LOW HITPOINT WARNING * * *
You feel your dexterity returning.
Your Staves skill increases to level 4!
You take 5 damage, and have 15/61 hp.
You hit the kobold brigand.
The kobold brigand is lightly wounded.
You are engulfed in a cloud of scalding steam.
* * * LOW HITPOINT WARNING * * *
The kobold brigand hits you with a +0 dagger.
* * * LOW HITPOINT WARNING * * *
You take 12 damage, and have 3/61 hp.
You hit the kobold brigand.
The kobold brigand is heavily wounded.
You are engulfed in a cloud of scalding steam.
You die...

.........#
.........+
.......######
............
#+#........?.
#...KK.....J.
#K# #K# #@#
#§# #.# #§#
#.# #.# #.#
#.# #.#


You could see a kobold brigand and 3 kobolds.

Vanquished Creatures
  A steam dragon (D:7)
  A phantom (D:6)
  A killer bee (D:7)
  A howler monkey (D:5)
  3 hounds
  An orc priest (D:6)
  2 jellies
  A sleepcap (D:5)
  7 gnolls
  5 adders
  An ufetubus (D:6)
  3 worms
  A dart slug (D:2)
  9 orcs
  7 ball pythons
  2 endoplasms
  2 giant cockroaches
  4 goblins
  4 hobgoblins
  5 jackals
  11 kobolds
  2 quokkas
  3 bats (D:1)
  3 rats
80 creatures vanquished.

Notes
Turn   | Place    | Note
-------+----------+-------------------------------------------
     0 | D:1      | jasper the Human Gladiator began the quest for the Orb.
     0 | D:1      | Reached XP level 1. HP: 16/16 MP: 1/1
   124 | D:1      | Reached XP level 2. HP: 20/23 MP: 2/2
   211 | D:1      | Reached skill level 3 in Fighting
   346 | D:1      | Found a faded altar of an unknown god.
   465 | D:1      | Reached XP level 3. HP: 29/29 MP: 3/3
   653 | D:1      | You fall into a shaft and drop 1 floor!
  1029 | D:2      | Reached skill level 4 in Fighting
  1164 | D:2      | Reached XP level 4. HP: 37/37 MP: 4/4
  1708 | D:4      | Found Asybiun's Weapon Boutique.
  1806 | D:4      | Reached skill level 5 in Fighting
  1849 | D:3      | Reached XP level 5. HP: 44/44 MP: 5/5
  1890 | D:4      | Noticed an ogre
  1906 | D:5      | Entered Level 5 of the Dungeon
  1962 | D:5      | Reached skill level 6 in Fighting
  2117 | D:5      | Reached XP level 6. HP: 49/52 MP: 6/6
  2123 | D:5      | Found an ancient bone altar of Kikubaaqudgha.
  2551 | D:6      | Reached skill level 7 in Fighting
  2568 | D:6      | Reached XP level 7. HP: 11/60 MP: 7/7
  2905 | D:7      | Noticed a steam dragon
  2923 | D:7      | Killed a steam dragon
  2924 | D:7      | HP: 3/61 [kobold brigand/+0 dagger (6)]
  2925 | D:7      | Engulfed by a cloud of steam

Illustrated notes

Levels and vault maps discovered:
D:1:      heliophobic_arrival_battle_scene, layout_loops_cross,
          shapermc_ecumenical_altar_mp_highgroup, columned_hall_lemuel,
          chequers_serial_rivers_marsh, grunt_decor_clamped
D:2:      layout_rooms, grunt_ministairs_1, chequers_serial_rivers_micro_e
D:3:      layout_basic, marbit_many_paths, ebering_ghost_disaster_area,
          nicolae_grassy_gnolls
D:4:      layout_cave_pools, mainiacjoe_overflow_paths, jmf_multi_god_temple,
          minmay_temple_entry_gardened_gates, serial_undead, serial_undead_e,
          serial_undead_f, serial_undead_e, serial_undead_e, serial_undead_b,
          serial_undead_e, serial_shops, nicolae_shop_bloodbath_and_beyond,
          kennysheep_generic_room_11
D:5:      layout_layer_cave, mainiacjoe_overflow_tiny_flanked,
          nicolae_overflow_hallway_of_the_gods, nicolae_overflow_crystal_walls,
          mainiacjoe_overflow_cross_hatched
D:6:      hellmonk_ruined_rings, layout_rooms, uniq_pikel
D:7:      layout_basic, enter_bailey_5, serial_shops, shop, st_stairs_8

Skill      XL: |  1  2  3  4  5  6  7 |
---------------+----------------------+-----
Fighting       | 3 4 5 6 7 |  7.9
Staves         | 4 |  4.0
Throwing       | |  2.0
Dodging        | |  3.0

Action                     |  1- 3 |  4- 6 |  7- 9 || total
---------------------------+-------+-------+-------++-------
  Melee: Quarterstaff      |    16 |   162 |    37 ||   215
         Whip              |   134 |    18 |       ||   152
  Throw: Javelin           |     1 |       |       ||     1
         Stone             |     8 |     1 |       ||     9
         Throwing net      |       |     3 |       ||     3
         Dart              |       |     2 |       ||     2
    Use: Scroll            |       |     3 |       ||     3
         Potion            |       |     1 |     3 ||     4
   Stab: Sleeping          |     2 |       |       ||     2
         Held in net/web   |       |     1 |       ||     1
 Armour: Leather armour    |    41 |       |       ||    41
         Ring mail         |    33 |   160 |    46 ||   239
  Dodge: Dodged            |    86 |   145 |    37 ||   268

Table legend: (Time is in decaauts)
 A = Elapsed time spent in this place.
 B = Non-inter-level travel time spent in this place.
 C = Inter-level travel time spent in this place.
 D = Time resting spent in this place.
 E = Time spent auto-exploring this place.
 F = Levels seen in this place.
 G = Mean time per level.
                   A        B        C        D        E       F      G
               +--------+--------+--------+--------+--------+-----+--------+
         Total |   2973 |   2852 |    121 |    512 |   1192 |   7 |  424.7 |
       Dungeon |   2973 |   2852 |    121 |    512 |   1192 |   7 |  424.7 |
               +--------+--------+--------+--------+--------+-----+--------+

Top non-repeatable levels by time:
     D:2: 709 daAuts
     D:1: 658 daAuts
     D:5: 599 daAuts
     D:6: 318 daAuts
     D:4: 294 daAuts
     D:3: 254 daAuts
     D:7: 139 daAuts
